 Dungeon Crawl Stone Soup version 0.30-a0-870-gc5d4c5acee (webtiles) character file.

Game seed: 11358739151676701302

937970 Bnni the Invulnerable (level 27, -14/158 (249) HPs)
             Began as a Formicid Venom Mage on Mar 11, 2023.
             Was a High Priest of Cheibriados.
             Killed from afar by an elemental wellspring (18 damage)
             ... with a torrent of water
             ... on level 6 of Cocytus.
             The game lasted 05:48:50 (89192 turns).

Bnni the Invulnerable (Formicid Venom Mage)        Turns: 89192, Time: 05:48:53

HP:   -14/158 (249) AC: 49    Str: 32 (33) XL:     27
MP:   31/36         EV: 17    Int: 44 (47) God:    Cheibriados [*****.]
Gold: 11059         SH: 30    Dex: 19 (23) Spells: 8/62 levels left

rFire   + + .      SeeInvis +    t - +9 executioner's axe (vamp)
rCold   + + +      Faith    .    p - +7 tower shield "Fedad" {rC+}
rNeg    + . .      Spirit   .    Q - +13 crystal plate armour {rC+}
rPois   .          Reflect  .    (helmet unavailable)
rElec   +          Rampage  .    K - +4 dragonskin cloak
rCorr   .          Clarity  +    u - +1 pair of gloves of Aruacler {Int+3}
Will    +++++                    s - +1 pair of boots "Aschel" {rF++ Will+} Stlth
                                 d - amulet of the Four Winds {rN+ Will+++ Clar}
HPRegen 0.46/turn                y - ring of flight
MPRegen 0.25/turn                B - ring "Worinlik" {rElec rC+ Int+6 Dex-3}

@: flying, studying 2 skills, very heavily drained, unable to drink, very slow
A: permanent stasis, dig shafts and tunnels, antennae 3, four strong arms,
hooves 1, clever 1, deformed body, low MP 2, inability to drink after injury 1
}: 8/15 runes: decaying, slimy, silver, iron, obsidian, bone, abyssal, gossamer
a: Dig, Shaft Self, Renounce Religion, Bend Time, Temporal Distortion, Slouch,
Step From Time


You were on level 6 of Cocytus.
You worshipped Cheibriados.
Cheibriados was extremely pleased with you.
You visited 17 branches of the dungeon, and saw 83 of its levels.
You visited the Abyss 1 time.
You also visited: Bailey, Gauntlet and Ice Cave.

You collected 12424 gold pieces.
You spent 1365 gold pieces at shops.

Inventory:

Hand Weapons
 o - the +5 executioner's axe of Fedhas's Supremacy {freeze, Str+7 Int-5 Dex-4}
   (You acquired it on level 12 of the Dungeon)

   Str:       It affects your strength (+7).
   Int:       It affects your intelligence (-5).
   Dex:       It affects your dexterity (-4).
 t - a +9 vampiric executioner's axe (weapon)
Missiles
 b - 4 throwing nets
 L - 15 curare-tipped darts
Armour
 p - the +7 tower shield "Fedad" (worn) {rC+}
   (You acquired it on level 3 of the Realm of Zot)

   rC:        It protects you from cold.
 s - the +1 pair of boots "Aschel" (worn) {rF++ Will+}
   (You acquired it on level 3 of the Lair of Beasts)

   rF:        It greatly protects you from fire.
   Will:      It increases your willpower.
 u - the +1 pair of gloves of Aruacler (worn) {Int+3}
   (You found it on level 2 of the Depths)

   Int:       It affects your intelligence (+3).
 A - the orb of Dispater {+Damnation *Corrode AC+5}
   (You took it off Dispater on level 7 of the Iron City of Dis)

   +Damnation: It grants the ability to hurl damnation at the cost of health and
   magic, with strength depending on Evocations skill.
   AC:        It affects your AC (+5).
   *Corrode:  It may corrode you when you take damage.
 K - the +4 dragonskin cloak (worn)
   (You took it off Tiamat on level 1 of the Realm of Zot)

   Avatar's Aegis: It grants the wearer a chance to resist fire, cold, poison,
   electricity, acid, and negative energy.
 Q - a +13 crystal plate armour of cold resistance (worn)
Jewellery
 a - the ring of Nobility {rCorr Int+9 Dex-4 Slay+5}
   (You found it on level 7 of the Iron City of Dis)

   [ring of resist corrosion]

   Int:       It affects your intelligence (+9).
   Dex:       It affects your dexterity (-4).
   Slay:      It affects your accuracy & damage with ranged weapons and melee
   (+5).
   rCorr:     It protects you from acid and corrosion.
 d - the amulet of the Four Winds (around neck) {rN+ Will+++ Clar}
   (You found it on level 3 of the Depths)

   [amulet of nothing]

   rN:        It protects you from negative energy.
   Clar:      It protects you against confusion.
   Will:      It greatly increases your willpower.
 e - a ring of positive energy
 m - an amulet of reflection
 y - a ring of flight (left hand)
 B - the ring "Worinlik" (right hand) {rElec rC+ Int+6 Dex-3}
   (You found it on level 3 of the Depths)

   [ring of intelligence]

   Int:       It affects your intelligence (+6).
   Dex:       It affects your dexterity (-3).
   rC:        It protects you from cold.
   rElec:     It insulates you from electricity.
 F - the ring of Fubek {rPois AC+4 Int+3 SInv}
   (You found it in a Gauntlet)

   [ring of protection]

   AC:        It affects your AC (+4).
   Int:       It affects your intelligence (+3).
   rPois:     It protects you from poison.
   SInv:      It lets you see invisible.
 M - a ring of positive energy
 Y - a ring of protection from fire
Wands
 c - a wand of iceblast (34)
 v - a wand of digging (6)
 H - a wand of mindburst (16)
 S - a wand of quicksilver (39)
Scrolls
 g - 16 scrolls of fog
 i - 13 scrolls of immolation
 r - a scroll of amnesia
 w - 9 scrolls of poison
 z - 11 scrolls of fear
 D - 9 scrolls of butterflies
 J - 18 scrolls of magic mapping
 N - 5 scrolls of silence
 P - 2 scrolls of enchant weapon
 T - 12 scrolls of vulnerability
Potions
 f - 20 potions of curing
 h - 12 potions of brilliance
 j - a potion of might
 k - 7 potions of ambrosia
 l - a potion of mutation
 n - 9 potions of cancellation
 q - 7 potions of heal wounds
 x - 7 potions of resistance
 E - 10 potions of attraction
 I - 9 potions of invisibility
 O - a potion of magic
Miscellaneous
 R - a condenser vane
 U - a phial of floods
 W - a phantom mirror


   Skills:
 O Level 27 Fighting
 - Level 25.0 Axes
 O Level 27 Armour
 + Level 18.8 Dodging
 - Level 2.4 Stealth
 - Level 20.0 Shields
 + Level 18.0 Spellcasting
 - Level 5.0 Hexes
 - Level 4.1 Summonings
 * Level 21.4 Necromancy
 - Level 13.0 Translocations
 - Level 14.0 Transmutations
 - Level 3.0 Air Magic
 - Level 13.0 Earth Magic
 - Level 13.0 Poison Magic
 - Level 13.0 Invocations


You had 8 spell levels left.
You knew the following spells:

 Your Spells              Type           Power      Damage    Failure   Level
a - Lesser Beckoning      Tloc           100%       N/A       1%          2
b - Borgnjor's Revivific  Necr           61%        N/A       4%          8
c - Ignite Poison         Fire/Tmut/Pois 87%        N/A       1%          3
d - Vhi's Electric Charg  Tloc/Air       100%       N/A       1%          3
e - Animate Armour        Summ/Erth      100%       N/A       1%          4
f - Manifold Assault      Tloc           100%       N/A       1%          4
g - Eringya's Noxious Bo  Tmut/Pois      51%        N/A       3%          6
h - Borgnjor's Vile Clut  Necr/Erth      56%        N/A       1%          5
i - Yara's Violent Unrav  Hex/Tmut       44%        3d17      2%          5
o - Olgreb's Toxic Radia  Pois           100%       N/A       1%          4
p - Passwall              Tmut/Erth      85%        N/A       1%          2
r - Lee's Rapid Deconstr  Erth           50%        3d24*     1%          5
w - Wereblood             Tmut           100%       N/A       1%          2
z - Apportation           Tloc           100%       N/A       1%          1

Your spell library contained the following spells:

 Spells                   Type           Power      Damage    Failure   Level
 Beastly Appendage        Tmut           100%       N/A       0%          1
 Sublimation of Blood     Necr           100%       N/A       0%          2
 Dispel Undead            Necr           100%       3d31      0%          4
 Kiss of Death            Conj/Necr      100%       2d13      1%          1
 Sandblast                Erth           100%       2d20      1%          1
 Sting                    Tmut/Pois      100%       1d8       1%          1
 Summon Small Mammal      Summ           100%       N/A       1%          1
 Cigotuvi's Dreadful Rot  Necr/Pois/Air  100%       N/A       1%          2
 Momentum Strike          Conj/Tloc      100%       3d10      1%          2
 Poisonous Vapours        Pois/Air       100%       N/A       1%          2
 Confusing Touch          Hex            70%        N/A       1%          3
 Gell's Gravitas          Tloc           100%       N/A       1%          3
 Kindle Blastsparks       Fire/Tloc/Air  100%       2d18      1%          3
 Mephitic Cloud           Conj/Pois/Air  72%        N/A       1%          3
 Portal Projectile        Hex/Tloc       100%       N/A       1%          3
 Spider Form              Tmut/Pois      100%       N/A       1%          3
 Stone Arrow              Conj/Erth      100%       3d13      1%          3
 Teleport Other           Tloc           100%       N/A       1%          3
 Tukima's Dance           Hex            70%        N/A       1%          3
 Anguish                  Hex/Necr       51%        N/A       1%          4
 Leda's Liquefaction      Hex/Erth       43%        N/A       1%          4
 Petrify                  Tmut/Erth      100%       N/A       1%          4
 Agony                    Necr           100%       N/A       1%          5
 Alistair's Intoxication  Tmut/Pois      68%        N/A       1%          5
 Blade Hands              Tmut           52%        N/A       1%          5
 Death Channel            Necr           61%        N/A       1%          6
 Shock                    Conj/Air       100%       1d9       2%          1
 Ensorcelled Hibernation  Hex/Ice        100%       N/A       2%          2
 Call Canine Familiar     Summ           66%        N/A       2%          3
 Summon Guardian Golem    Hex/Summ       68%        N/A       2%          3
 Ice Form                 Ice/Tmut       79%        N/A       2%          4
 Statue Form              Tmut/Erth      68%        N/A       3%          6
 Static Discharge         Conj/Air       100%       2-7/arc   4%          2
 Summon Forest            Summ/Tloc      43%        N/A       4%          5
 Dazzling Flash           Conj/Hex       100%       N/A       5%          3
 Inner Flame              Hex/Fire       57%        N/A       5%          3
 Cause Fear               Hex            35%        N/A       6%          4
 Scorch                   Fire           78%        2d9       8%          2
 Irradiate                Conj/Tmut      39%        3d24      8%          5
 Simulacrum               Ice/Necr       47%        N/A       10%         6
 Summon Lightning Spire   Summ/Air       63%        N/A       12%         4
 Dragon Form              Tmut           52%        N/A       13%         7
 Frozen Ramparts          Ice            78%        1d12      14%         3
 Hailstorm                Conj/Ice       39%        3d9       14%         3
 Ozocubu's Armour         Ice            39%        N/A       14%         3
 Airstrike                Air            30%        2d(5-21)  14%         4
 Fulminant Prism          Conj/Hex       28%        3d14      17%         4
 Summon Ice Beast         Ice/Summ       55%        N/A       22%         4
 Summon Mana Viper        Hex/Summ       68%        N/A       22%         5
 Necromutation            Tmut/Necr      57%        N/A       22%         8
 Silence                  Hex/Air        33%        N/A       26%         5
 Flame Wave               Conj/Fire      39%        2d11      43%         4
 Sticky Flame             Conj/Fire      39%        2d6       43%         4
 Metabolic Englaciation   Hex/Ice        28%        N/A       43%         5
 Iron Shot                Conj/Erth      38%        9d8       45%         6
 Arcjolt                  Conj/Air       26%        1d36      58%         5
 Lightning Bolt           Conj/Air       26%        1d42      58%         5
 Freezing Cloud           Conj/Ice/Air   24%        6-21      65%         5
 Malign Gateway           Summ/Tloc      43%        N/A       77%         7
 Storm Form               Tmut/Air       42%        N/A       77%         7
 Fireball                 Conj/Fire      19%        3d9       80%         5
 Iskenderun's Battlesphe  Conj           39%        2d9       80%         5
 Summon Cactus Giant      Summ           33%        N/A       80%         6
 Disjunction              Tloc           50%        N/A       83%         8
 Enfeeble                 Hex            35%        N/A       99%         7
 Starburst                Conj/Fire      19%        6d7       100%        6
 Orb of Destruction       Conj           19%        9d8       100%        7
 Ozocubu's Refrigeration  Ice            19%        4d11      100%        7
 Spellforged Servitor     Conj/Summ      27%        N/A       100%        7
 Summon Hydra             Summ           33%        N/A       100%        7
 Ignition                 Fire           19%        3d7       100%        8
 Lehudib's Crystal Spear  Conj/Erth      38%        10d10     100%        8
 Maxwell's Capacitive Co  Air            30%        ∞         100%        8
 Summon Horrible Things   Summ           33%        N/A       100%        8
 Death's Door             Necr           61%        N/A       58%         9
 Dragon's Call            Summ           33%        N/A       100%        9
 Polar Vortex             Ice            19%        N/A       100%        9
 Blink                    Tloc           Unusable   N/A       N/A         2
 Swiftness                Air            Unusable   N/A       N/A         3

Dungeon Overview and Level Annotations

Branches:
Dungeon (15/15)            Temple (1/1) D:5            Lair (5/5) D:9
  Swamp (4/4) Lair:2       Spider (4/4) Lair:3        Slime (5/5) Lair:5
    Orc (2/2) D:12            Elf (3/3) Orc:2        Vaults (5/5) D:13
  Crypt (3/3) Vaults:2       Tomb (0/3) Crypt:3      Depths (4/4) D:15
   Hell (visited)             Dis (7/7) Hell            Geh (7/7) Hell
    Coc (6/7) Hell            Tar (7/7) Hell            Zot (5/5) Depths:4
 Bailey (visited)           IceCv (visited)         Gauntlet (visited)

Altars:
Ashenzari
Cheibriados
Dithmenos
Elyvilon
Fedhas
Gozag
Hepliaklqana
Kikubaaqudgha
Makhleb
Nemelex Xobeh
Qazlal
Sif Muna
Trog
Uskayaw
Vehumet
Wu Jian
Xom
Yredelemnul
Zin
The Shining One
Jiyva
Lugonu

Shops:
D:13 *   Orc:2 =[=:   Elf:1 [   Elf:3 (   Depths:4 =::

Portals:
Hell: Depths:1 Depths:2 Depths:3 Depths:4
Abyss: Depths:1 Depths:3 Depths:4
Pandemonium: Depths:1 Depths:2
Ziggurat: Depths:4


Innate Abilities, Weirdness & Mutations

You cannot be hasted, slowed, berserked, paralysed or teleported.
You can dig through walls and to a lower floor.
You have a pair of large antennae on your head. (SInv)
Your four strong arms can wield two-handed weapons with a shield.
You have large cloven feet.
Your mind is acute. (Int +4, Str/Dex -1)
Armour fits poorly on your strangely shaped body.
Your magical capacity is very low. (-20% MP)
You occasionally lose the ability to drink potions when taking damage.


Message History

Casting: Vhi's Electric Charge (safe; 1% risk of failure)
Confirm with . or Enter, or press ? or * to list all spells.
Charge where?
Press: ? - help, Dir - move target, f - elemental wellspring
Aim: an elemental wellspring (water, 92% to hit)
You charge forward with an electric crackle!
An Ice Fiend comes into view.
You chop the elemental wellspring into pieces!!!
The elemental wellspring is severely damaged.
You block the shard shrike simulacrum's attack.
The wendigo gestures.
The ettin simulacrum collapses into a mass of ice!
The mass of ice explodes!
The seracfall engulfs you but does no damage.
The seracfall engulfs the elemental wellspring!!
The elemental wellspring is destroyed!
The water elemental disappears in a puff of smoke! x3
The seracfall engulfs the shard shrike simulacrum!!
The shard shrike simulacrum partially resists.
The shard shrike simulacrum vaporises!
The water elemental is engulfed in freezing vapours.
The Ice Fiend calls on the powers of darkness!
Your body is wracked with pain!
The Ice Fiend calls on the powers of darkness!
Your body is wracked with pain!
You feel threatened and lose the ability to drink potions!
* * * LOW HITPOINT WARNING * * *
A torrent of water rises up through the elemental wellspring!
The torrent of water hits you!
* * * LOW HITPOINT WARNING * * *
You are knocked back by the torrent of water.
The wave splashes down.
The water elemental is engulfed in freezing vapours. x2
A torrent of water rises up through the elemental wellspring!
The torrent of water hits you!!
* * * LOW HITPOINT WARNING * * *
The wave splashes down.
A torrent of water rises up through the elemental wellspring!
The torrent of water hits you!!
You die...

# ## #≈ ≈# ≈≈≈ ≈≈##
≈≈≈≈ #≈≈≈≈####≈
≈≈≈≈≈## #≈≈≈≈≈≈≈E≈
≈≈≈≈Z≈≈###≈≈≈≈E≈≈≈≈#
≈≈≈≈.§≈@≈E≈E≈E≈≈≈E≈#
##≈≈≈§§~≈E≈E≈1E≈≈≈≈#
##≈≈≈.~~○≈E≈E~≈≈≈≈#
≈≈≈≈≈≈ZZ.RE°≈~≈≈≈≈##≈
≈Z≈≈≈≈≈≈≈.E☼~~~≈≈≈≈≈≈≈
≈E≈1..9Z..^~°~~≈≈≈≈≈≈≈
≈~.1~.....R○°~≈≈≈≈≈≈≈#
~~~~E~..^.§.~∩≈≈####≈≈
≈≈≈≈≈≈≈≈≈≈≈~≈≈##


You could see 3 Ice Fiends, 2 wendigos, 5 elemental wellsprings, a nargun, 8
water elementals, an iron dragon simulacrum, 3 ettin simulacra and a juggernaut
simulacrum.

Vanquished Creatures
  Asmodeus (Geh:7)
  Ereshkigal (Tar:7)
  the Royal Jelly (Slime:5)
  Dispater (Dis:7)
  6 dread liches
  Tiamat (Zot:1)
  9 ancient liches
  7 orbs of fire
  Mennas (Depths:4)
  A juggernaut (Depths:4)
  Josephina (Zot:4)
  The ghost of Sorch the Gargoyle Porcupine, a legendary GrMo of Okawaru (Zot:3)
  A royal mummy (Crypt:1)
  Boris (Depths:3)
  Bai Suzhen (Vaults:4)
  5 Killer Klowns
  14 shard shrikes
  9 caustic shrikes
  A curse toe (Zot:3)
  8 profane servitors
  9 golden dragons
  Jory (Crypt:3)
  16 bone dragons
  10 Brimstone Fiends
  9 Tzitzimimeh
  25 tentacled monstrosities
  15 doom hounds
  5 electric golems
  A spectral shard shrike (Tar:5)
  Zenata (Vaults:1)
  An iron giant (Dis:3)
  Grunn (Crypt:2)
  13 Hell Sentinels
  21 Orb Guardians (Zot:5)
  12 tainted leviathans
  13 hellephants
  6 Ice Fiends
  14 quicksilver dragons
  2 walking divine tomes
  7 liches
  5 titans
  A walking earthen tome (Depths:2)
  2 deep elf blademasters
  2 deep elf master archers (Elf:3)
  A walking frostbound tome (Depths:3)
  25 searing wretches
  32 ancient champions
  Frances (Spider:1)
  11 death cobs
  13 acid blobs
  7 tengu reavers
  4 tentacled starspawn
  6 sphinxes
  8 shadow dragons
  A thorn hunter (Swamp:1)
  9 rockslimes
  15 storm dragons
  Donald (Vaults:3)
  10 draconian monks
  21 fire giants
  11 azure jellies
  5 narguns
  7 revenants
  5 emperor scorpions
  16 frost giants
  6 quicksilver elementals
  9 draconian knights
  9 deep elf sorcerers
  9 iron dragons
  18 balrugs
  3 ghouls (Crypt:2)
  6 draconian scorchers
  10 vault wardens
  2 caustic shrike zombies
  Louise (Depths:1)
  4 curse skulls
  9 ghost moths
  Aizul (Spider:1)
  8 draconian shifters
  4 spriggan defenders
  A spectral juggernaut (Tar:1)
  7 shard shrike simulacra
  7 spectral caustic shrikes
  10 ironbound preservers
  6 deep elf elementalists (Elf:3)
  3 quicksilver oozes (Slime:5)
  2 cacodemons (Dis:7)
  19 very ugly things
  10 draconian annihilators
  22 stone giants
  3 broodmothers (Spider:4)
  11 reapers
  8 draconian stormcallers
  5 ironbound thunderhulks
  4 orc warlords
  18 vampire knights
  27 war gargoyles
  4 eleionomae
  10 putrid mouths
  13 black draconians
  9 elemental wellsprings
  2 lorocyprocas
  10 green draconians
  7 wendigos
  12 purple draconians
  23 white draconians
  6 deep elf demonologists
  2 spectral titans
  3 halazid warlocks (Tar:1)
  5 spark wasps
  A bunyip (shapeshifter) (Elf:3)
  8 deep elf annihilators
  10 dire elephants
  8 yellow draconians
  A minotaur (Gauntlet)
  14 deep elf death magi
  5 bunyips
  22 red draconians
  4 nameless horrors
  12 ettins
  4 crystal guardians
  20 iron golems
  15 eidola
  4 mummy priests (Crypt:1)
  2 blizzard demons
  5 spectral spriggans
  10 fire dragons
  10 hydras
  A spectral quicksilver dragon (Tar:5)
  6 deep elf high priests
  12 yaktaur captains
  3 salamander tyrants
  14 jiangshi
  7 great orbs of eyes
  2 ogre magi (D:15)
  A great orb of eyes (shapeshifter) (Vaults:2)
  12 ice dragons
  7 entropy weavers
  A hell beast (Depths:1)
  A rakshasa (Abyss:2)
  3 spriggan air magi
  27 vault guards (Vaults:5)
  4 peacekeepers
  5 juggernaut simulacra
  Erica (D:8)
  24 centaur warriors
  6 caustic shrike simulacra
  14 stokers
  A fenstrider witch zombie (Crypt:3)
  10 ironbound frosthearts
  5 alligators
  A fenstrider witch skeleton (Crypt:1)
  A catoblepas (D:12)
  4 jorogumos
  31 dancing weapons
  2 radroaches (Spider:4)
  13 two-headed ogres
  3 deep troll shamans
  7 tengu warriors
  A titan zombie (D:15)
  7 boulder beetles
  7 death scarabs (Spider:4)
  A death knight (Crypt:3)
  5 deep troll earth magi
  42 hell hogs
  3 thrashing horrors
  17 vampire magi
  7 spriggan berserkers
  19 deep elf knights
  14 hell knights
  A spectral dire elephant (Tar:1)
  Urug (Lair:5)
  4 soul eaters
  13 sun demons
  3 wretched stars
  18 iron trolls
  A storm dragon zombie (Crypt:3)
  7 crystal echidnas
  21 shadow wraiths
  11 pharaoh ants
  5 goliath frogs
  A spectral bunyip (Tar:2)
  3 sixfirhies
  36 skeletal warriors
  4 golden dragon zombies
  An iron giant zombie (Crypt:3)
  2 spriggan druids
  4 glowing orange brains
  A spark wasp zombie (Depths:1)
  A storm dragon skeleton (Crypt:2)
  3 death drakes (Depths:4)
  5 quicksilver dragon simulacra
  5 flayed ghosts
  18 deep elf archers
  4 bog bodies
  3 spectral hydras
  8 orb spiders
  A shadow demon (Abyss:2)
  2 swamp dragons (Swamp:3)
  18 ironbound convokers
  7 lindwurms
  6 steelbarb worms
  2 obsidian statues
  36 deep trolls
  A spectral wolf spider (Spider:4)
  14 phantasmal warriors
  12 starcursed masses
  10 necromancers
  A fenstrider witch simulacrum (Coc:2)
  10 wizards
  A sphinx zombie (Crypt:3)
  21 wolf spiders
  29 deep elf pyromancers
  A shadow dragon zombie (Depths:1)
  24 deep elf zephyrmancers
  6 orc knights
  A wolf spider zombie (Spider:4)
  A fire giant zombie (Crypt:1)
  A mana viper (shapeshifter) (Depths:4)
  A broodmother zombie (Spider:4)
  A shadow dragon skeleton (Vaults:5)
  2 orc sorcerers
  33 ugly things
  3 shining eyes (Slime:5)
  A sphinx skeleton (Vaults:5)
  3 will-o-the-wisps
  A stone giant zombie (Crypt:3)
  An oklob plant (Lair:5)
  7 cyclopes
  44 moths of wrath
  16 elephants
  4 manticores
  A dire elephant zombie (Crypt:3)
  A spectral alligator snapping turtle (Tar:2)
  A spectral centaur (Tar:1)
  3 rust devils (Hell)
  2 stone giant skeletons
  3 smoke demons (Abyss:2)
  An apocalypse crab (Abyss:2)
  18 vault sentinels
  8 demonic crawlers
  A shock serpent zombie (Crypt:2)
  2 ice statues (IceCv)
  A frost giant skeleton (Depths:1)
  2 molten gargoyles (Lair:5)
  8 titan simulacra
  2 eyes of devastation (Slime:5)
  4 cane toads
  3 black mambas (Lair:5)
  An eye of devastation (shapeshifter) (Abyss:2)
  A storm dragon simulacrum (Zot:4)
  2 gargoyles
  6 torpor snails
  A green draconian zombie (Crypt:2)
  An orange demon (Depths:1)
  3 rime drakes (Lair:4)
  Psyche (D:12)
  13 hellions
  An unseen horror (D:12)
  11 freezing wraiths
  7 efreet
  2 spectral redbacks (Spider:4)
  24 yaktaurs
  3 spectral nagas (Tar:1)
  3 bunyip simulacra
  9 komodo dragons
  An iron giant simulacrum (Coc:4)
  7 ice devils
  10 tormentors
  A yaktaur (shapeshifter) (Vaults:5)
  3 burning bushes (Lair:3)
  6 anaconda simulacra
  9 ancient zymes
  2 silent spectres
  5 tengu conjurers
  A spectral harpy (Tar:6)
  16 meliai
  10 trolls
  3 spectral tarantellas (Spider:4)
  A grey draconian skeleton (Crypt:2)
  A queen bee (Lair:4)
  A polar bear (Lair:5)
  A guardian mummy (Crypt:1)
  A hydra zombie (Crypt:3)
  2 harpy zombies
  2 hellwings
  A wolf spider simulacrum (D:14)
  A tarantella zombie (Spider:4)
  3 bloated husks
  3 red devils
  3 tyrant leeches
  14 hornets
  2 jumping spider zombies (Spider:4)
  2 iron dragon simulacra
  A spectral culicivora (Spider:4)
  2 spectral jumping spiders (Spider:4)
  23 tarantellas
  Grinder (D:3)
  2 stone giant simulacra (Coc:1)
  8 raiju
  A culicivora zombie (Crypt:3)
  10 dream sheep
  16 blink frogs
  A centaur simulacrum (Coc:1)
  3 flying skulls (Abyss:2)
  11 large abominations
  A draconian simulacrum (Zot:4)
  3 shadows
  2 ynoxinuls
  22 culicivoras
  28 jumping spiders
  A jumping spider (shapeshifter) (Vaults:5)
  3 air elementals
  15 spriggans
  6 wraiths
  93 slime creatures
  14 vampires
  A naga simulacrum (Coc:4)
  60 yaks
  7 dire elephant simulacra
  13 water elementals
  5 fire elementals
  A hog (shapeshifter) (Vaults:5)
  A death yak simulacrum (IceCv)
  3 fire bats (Gauntlet)
  2 alligator snapping turtle simulacra
  11 basilisks
  6 wyverns
  6 golden eyes (Slime:5)
  A chaos spawn (Abyss:2)
  A steam dragon (D:10)
  4 swamp worm simulacra (Swamp:4)
  57 redbacks
  A redback simulacrum (D:14)
  6 vampire mosquitoes
  A neqoxec (Abyss:3)
  A green draconian simulacrum (Zot:4)
  A wind drake skeleton (Crypt:3)
  A warg (shapeshifter) (Vaults:5)
  2 acid dragons
  A warg (Orc:2)
  2 glowing shapeshifter zombies
  12 harpy simulacra
  15 water moccasins
  A demonspawn skeleton (Crypt:2)
  A naga (shapeshifter) (Elf:3)
  28 swamp worms
  2 naga zombies (Crypt:3)
  6 hell hounds
  Duvessa (D:4)
  A moth of wrath simulacrum (Zot:4)
  18 hydra simulacra
  A swamp drake (Swamp:1)
  A merfolk skeleton (Crypt:2)
  An ice beast (D:7)
  53 orc warriors
  An ice beast (shapeshifter) (Elf:2)
  A cane toad skeleton (Crypt:2)
  A lindwurm zombie (Crypt:3)
  2 sky beasts
  A fire dragon simulacrum (Coc:1)
  A swamp dragon zombie (Crypt:3)
  12 wolves
  5 ettin simulacra
  A snapping turtle skeleton (Crypt:3)
  6 small abominations
  14 ogres
  13 centaurs
  4 kobold brigands
  2 elf zombies (Elf:1)
  11 bullfrogs
  A komodo dragon skeleton (Crypt:1)
  A necrophage (Crypt:2)
  5 scorpions
  A gnoll sergeant (D:12)
  5 earth elementals
  A glowing shapeshifter simulacrum (Depths:1)
  A water moccasin zombie (Crypt:3)
  A draconian skeleton (Crypt:1)
  6 wights
  A wyvern skeleton (Crypt:1)
  Dowan (D:4)
  18 killer bees
  A polar bear zombie (Crypt:3)
  2 spriggan zombies
  A swamp dragon simulacrum (Coc:2)
  9 electric eels
  A jelly (D:8)
  A wolf zombie (Crypt:2)
  6 lava snakes
  5 howler monkeys
  A crimson imp (Abyss:2)
  A quasit (Abyss:3)
  2 hounds
  Crazy Yiuf (D:3)
  13 orc priests
  2 iron imps (Abyss:2)
  2 iguanas
  Ijyb (D:3)
  19 orc wizards
  4 spriggan simulacra
  A sky beast zombie (Crypt:3)
  2 mummies (Crypt:1)
  11 gnolls
  10 adders
  4 white imps
  2 swamp drake simulacra (Swamp:4)
  7 ufetubi
  3 worms
  A dart slug (D:2)
  77 orcs
  3 bats
  3 endoplasms
  4 giant cockroaches
  18 hobgoblins
  8 jackals
  3 quokkas
  8 ball pythons
  A ball python skeleton (Crypt:1)
  2 frilled lizards (D:2)
  A frilled lizard skeleton (Crypt:2)
  14 goblins
  A goblin skeleton (Crypt:1)
  18 kobolds
  4 rats
  A river rat skeleton (Crypt:3)
  4 briar patches (Swamp:1)
  16 butterflies (Vaults:4)
  5 creeping infernos
  41 fire vortices
  2 lurking horrors (Abyss:2)
  A plant (Depths:4)
  3 starspawn tentacles
3186 creatures vanquished.

Vanquished Creatures (collateral kills)
  Khufu (Crypt:1)
  2 dread liches
  An ancient lich (Dis:3)
  2 orbs of fire (Zot:5)
  2 royal mummies (Crypt:1)
  A shard shrike (Coc:3)
  5 caustic shrikes
  A golden dragon (Zot:5)
  A profane servitor (Tar:6)
  8 bone dragons
  3 doom hounds (Tar:7)
  A Tzitzimitl (Tar:7)
  2 iron giants (Dis:7)
  3 Hell Sentinels
  3 tentacled monstrosities (Depths:4)
  9 tainted leviathans
  2 titans
  4 Orb Guardians (Zot:5)
  2 acid blobs (Depths:1)
  2 ancient champions
  Roxanne (Swamp:3)
  A rockslime (Depths:1)
  3 azure jellies (Depths:1)
  2 iron dragons
  A quicksilver elemental (Dis:7)
  A draconian shifter (Zot:5)
  A spectral juggernaut (Tar:6)
  2 ironbound preservers (Vaults:4)
  An ironbound thunderhulk (Vaults:4)
  A very ugly thing (Vaults:1)
  2 war gargoyles (Dis:7)
  A vampire knight (Crypt:3)
  A deep elf annihilator (Elf:3)
  A dire elephant (Vaults:3)
  A green draconian (Zot:1)
  4 black draconians
  2 deep elf demonologists (Elf:3)
  2 putrid mouths
  A red draconian (Zot:1)
  5 iron golems
  An eidolon (Tar:7)
  A purple draconian (Zot:5)
  A crystal guardian (Vaults:4)
  A spectral spriggan (Tar:2)
  A vault guard (Vaults:4)
  A sun demon (Hell)
  A hell knight (Depths:4)
  A crystal echidna (Dis:5)
  A spectral anaconda (Tar:6)
  2 deep trolls (Vaults:4)
  An ironbound convoker (Vaults:3)
  A necromancer (Depths:4)
  A tormentor (Coc:5)
  A hellion (Tar:7)
  An anaconda simulacrum (Coc:5)
  A nameless horror (Vaults:1)
  4 slime creatures
  A vampire (Crypt:3)
111 creatures vanquished.

Vanquished Creatures (others)
  Geryon (Hell)
  A golden dragon (Zot:3)
  A hellephant (Geh:7)
  A draconian monk (Zot:3)
  A draconian scorcher (Zot:1)
  A ghost moth (Zot:3)
  2 shard shrike simulacra (Coc:6)
  3 wendigos
  An elemental wellspring (Coc:6)
  A juggernaut simulacrum (Coc:2)
  A caustic shrike simulacrum (Coc:1)
  An alligator (Swamp:4)
  A two-headed ogre (Zot:4)
  A stoker (Geh:7)
  A deep troll shaman (Depths:4)
  A spriggan simulacrum (Coc:3)
  A fenstrider witch simulacrum (Coc:2)
  A deep elf zephyrmancer (Elf:1)
  A will-o-the-wisp (Swamp:4)
  A freezing wraith (Coc:6)
  2 anaconda simulacra
  2 golden dragon simulacra
  A bloated husk (Swamp:1)
  An iron dragon simulacrum (Coc:1)
  A swamp worm simulacrum (Swamp:4)
  3 harpy simulacra
  A small abomination (Abyss:2)
  3 ettin simulacra
  An ogre (Zot:4)
  A naga simulacrum (Coc:6)
  A swamp drake simulacrum (Swamp:4)
  3 briar patches (Swamp:1)
  A bush (Depths:4)
  6 creeping infernos
  2 demonic plants (Gauntlet)
  2 fire vortices
  20 foxfires
  32 fungi
  86 plants
  3 starspawn tentacles
  6 toadstools (Lair:5)
  3 withered plants (D:15)
204 creatures vanquished.

Grand Total: 3501 creatures vanquished

Notes
Turn   | Place    | Note
-------+----------+-------------------------------------------
     0 | D:1      | Bnni the Formicid Venom Mage began the quest for the Orb.
     0 | D:1      | Reached XP level 1. HP: 13/13 MP: 3/3
   207 | D:1      | Reached XP level 2. HP: 20/20 MP: 1/5
   657 | D:1      | Reached skill level 1 in Fighting
   908 | D:2      | Reached XP level 3. HP: 18/26 MP: 1/6
   958 | D:2      | Learned a level 2 spell: Poisonous Vapours
  1107 | D:2      | Reached skill level 5 in Poison Magic
  1292 | D:2      | Reached XP level 4. HP: 31/32 MP: 2/8
  1297 | D:2      | Learned a level 4 spell: Olgreb's Toxic Radiance
  1443 | D:2      | Found a faded altar of an unknown god.
  1891 | D:3      | Noticed Grinder
  1915 | D:3      | Killed Grinder
  1916 | D:3      | Reached XP level 5. HP: 14/41 MP: 0/9
  1916 | D:3      | Reached XP level 6. HP: 17/47 MP: 0/10
  1920 | D:3      | Learned a level 3 spell: Mephitic Cloud
  2097 | D:3      | Identified the +2 bardiche of Tepre {freeze, *Slow rElec
                  | rC+}
  2173 | D:3      | Noticed Ijyb
  2184 | D:3      | Killed Ijyb
  2270 | D:3      | Found a hazy altar of Hepliaklqana.
  2760 | D:3      | Found a runed translucent door.
  2761 | D:3      | Noticed Crazy Yiuf
  2774 | D:3      | Killed Crazy Yiuf
  2926 | D:4      | Reached XP level 7. HP: 53/53 MP: 6/11
  2928 | D:4      | Reached skill level 1 in Air Magic
  2929 | D:4      | You fall into a shaft and drop 1 floor!
  2929 | D:5      | Entered Level 5 of the Dungeon
  3333 | D:4      | Got Totez's Elucidation of the Winter and the Dragon
  3392 | D:4      | Identified the +1 ring mail "Qiudgh" {rF+}
  3618 | D:4      | Noticed Duvessa
  3621 | D:4      | Noticed Dowan
  3625 | D:4      | Killed Dowan
  3630 | D:4      | Killed Duvessa
  3712 | D:4      | Identified the +4 chain mail "Cymior" {Rampage rPois Will-
                  | Int-3 Dex+2}
  3862 | D:4      | Found a sparkling altar of Nemelex Xobeh.
  4050 | D:4      | Reached XP level 8. HP: 56/61 MP: 6/12
  4416 | D:5      | Found a staircase to the Ecumenical Temple.
  4422 | Temple   | Entered the Ecumenical Temple
  4544 | Temple   | Became a worshipper of Cheibriados the Contemplative
  4798 | D:5      | Reached skill level 5 in Fighting
  4966 | D:5      | Reached skill level 1 in Armour
  4967 | D:5      | Reached skill level 10 in Poison Magic
  5630 | D:6      | Reached XP level 9. HP: 30/63 MP: 8/13
  6119 | D:6      | Reached * piety under Cheibriados
  6130 | D:6      | Reached skill level 1 in Invocations
  6324 | D:6      | Identified the +5 ring mail "Usaw" {Harm rElec Int-4 Dex-4}
  7046 | D:6      | Found a glowing golden altar of the Shining One.
  8000 | D:7      | Reached XP level 10. HP: 20/79 MP: 11/14
  8500 | D:7      | Reached ** piety under Cheibriados
  8666 | D:8      | Reached skill level 5 in Armour
  8824 | D:8      | Noticed Erica
  8843 | D:8      | Reached skill level 5 in Invocations
  8843 | D:8      | Found a flagged portal.
  8859 | Bailey   | Entered a bailey
  9004 | Bailey   | Reached *** piety under Cheibriados
  9528 | Bailey   | Noticed an orc warlord
  9546 | Bailey   | Killed an orc warlord
  9547 | Bailey   | Reached XP level 11. HP: 59/87 MP: 13/16
  9654 | D:8      | Reached **** piety under Cheibriados
  9808 | D:8      | Reached skill level 1 in Axes
  9824 | D:8      | Reached XP level 12. HP: 93/94 MP: 15/18
  9882 | D:8      | Found an opulent altar of Gozag.
 10030 | D:8      | Found a bloodstained altar of Trog.
 10030 | D:8      | Found an ancient bone altar of Kikubaaqudgha.
 10358 | D:8      | Killed Erica
 10415 | D:8      | Found a shimmering blue altar of Sif Muna.
 10418 | D:8      | Found a white marble altar of Elyvilon.
 10420 | D:8      | Found a blossoming altar of Fedhas.
 10875 | D:9      | Found a staircase to the Lair.
 11061 | D:9      | Found a hide-covered altar of Uskayaw.
 11370 | D:10     | Entered Level 10 of the Dungeon
 11508 | D:10     | Reached skill level 10 in Axes
 11571 | D:10     | Noticed a two-headed ogre
 11582 | D:10     | Killed a two-headed ogre
 12272 | D:11     | Found a frozen archway.
 12288 | IceCv    | Entered an ice cave
 12303 | IceCv    | Reached skill level 10 in Fighting
 12967 | IceCv    | Reached ***** piety under Cheibriados
 13304 | IceCv    | Reached XP level 13. HP: 88/105 MP: 14/20
 13375 | IceCv    | Noticed a reaper
 13384 | IceCv    | Killed a reaper
 14110 | D:11     | Reached skill level 10 in Invocations
 14406 | D:12     | Found a staircase to the Orcish Mines.
 14716 | D:12     | Reached skill level 10 in Armour
 15271 | D:12     | Noticed Psyche
 15275 | D:12     | Killed Psyche
 15403 | D:12     | Identified a scroll of acquirement
 15404 | D:12     | Acquired the +5 executioner's axe of Fedhas's Supremacy
                  | {freeze, Str+7 Int-5 Dex-4}
 15700 | D:12     | Learned a level 4 spell: Animate Armour
 15828 | D:12     | Noticed a catoblepas
 15846 | D:12     | Killed a catoblepas
 16238 | D:13     | Noticed a centaur warrior
 16244 | D:13     | Killed a centaur warrior
 16334 | D:13     | Noticed a centaur warrior
 16338 | D:13     | Noticed a centaur warrior
 16347 | D:13     | Killed a centaur warrior
 16348 | D:13     | Reached XP level 14. HP: 67/116 MP: 7/22
 16410 | Lair:1   | Entered Level 1 of the Lair of Beasts
 17342 | Lair:2   | Found a gate leading to a gauntlet.
 17358 | Gauntlet | Entered a Gauntlet
 17358 | Gauntlet | Found a transporter.
 17358 | Gauntlet | Found a transporter.
 17358 | Gauntlet | Found a transporter.
 17362 | Gauntlet | Found a transporter.
 17362 | Gauntlet | Found a transporter.
 17376 | Gauntlet | Found a transporter.
 17380 | Gauntlet | Found a transporter.
 17437 | Gauntlet | Found a transporter.
 17447 | Gauntlet | Found a transporter.
 17462 | Gauntlet | Found a transporter.
 17472 | Gauntlet | Found a transporter.
 17487 | Gauntlet | Found a transporter.
 17619 | Gauntlet | Identified the ring of Fubek {rPois AC+4 Int+3 SInv}
 17712 | Gauntlet | Noticed a minotaur
 17721 | Gauntlet | Killed a minotaur
 18655 | Lair:2   | Found a staircase to the Swamp.
 19299 | Lair:3   | Reached ****** piety under Cheibriados
 19420 | Lair:3   | Reached skill level 1 in Earth Magic
 19626 | Lair:3   | Found a hole to the Spider Nest.
 19758 | Lair:3   | Acquired the +1 pair of boots "Aschel" {rF++ Will+}
 19852 | Lair:3   | Reached XP level 15. HP: 123/127 MP: 24/24
 20145 | Lair:3   | You fall into a shaft and drop 1 floor!
 21280 | Lair:5   | Entered Level 5 of the Lair of Beasts
 21376 | Lair:5   | Reached skill level 15 in Fighting
 21546 | Lair:5   | Reached skill level 1 in Shields
 21845 | Lair:5   | Noticed Urug
 21861 | Lair:5   | Killed Urug
 21957 | Lair:5   | Reached skill level 5 in Spellcasting
 22074 | Lair:5   | Found a viscous altar of Jiyva.
 22075 | Lair:5   | Found a staircase to the Slime Pits.
 22557 | Lair:5   | Found a large runed translucent door.
 22558 | Lair:5   | Found a large runed translucent door.
 22723 | Lair:5   | Found a blossoming altar of Fedhas.
 23114 | Lair:5   | Reached skill level 5 in Earth Magic
 23415 | Orc:1    | Entered Level 1 of the Orcish Mines
 23415 | Orc:1    | Noticed an orc warlord
 23427 | Orc:1    | Killed an orc warlord
 23431 | Orc:1    | Learned a level 2 spell: Passwall
 23613 | Orc:2    | Entered Level 2 of the Orcish Mines
 23613 | Orc:2    | Noticed an orc warlord
 23622 | Orc:2    | Killed an orc warlord
 23684 | Orc:2    | Reached XP level 16. HP: 114/137 MP: 13/25
 23863 | Orc:2    | Found Tujep's Antique Armour Shop.
 23863 | Orc:2    | Found Soahuf's Jewellery Shoppe.
 23865 | Orc:2    | Found Otsots's Book Emporium.
 23867 | Orc:2    | Found Disuj's Jewellery Boutique.
 24150 | Orc:2    | Found a staircase to the Elven Halls.
 24387 | Orc:2    | Reached skill level 5 in Shields
 24743 | Orc:2    | Bought a ring of resist corrosion for 300 gold pieces
 24743 | Orc:2    | Bought a ring of protection from cold for 375 gold pieces
 24743 | Orc:2    | Bought a ring of protection from fire for 375 gold pieces
 24933 | Spider:1 | Entered Level 1 of the Spider Nest
 25185 | Spider:1 | Noticed Aizul
 25190 | Spider:1 | Noticed Frances
 25200 | Spider:1 | Killed Frances
 25202 | Spider:1 | Killed Aizul
 25648 | Spider:1 | Learned a level 6 spell: Iron Shot
 26751 | Spider:2 | You fall into a shaft and drop 1 floor!
 26876 | Spider:3 | Reached skill level 15 in Axes
 27050 | Spider:3 | Reached XP level 17. HP: 141/144 MP: 26/26
 29071 | Spider:4 | Entered Level 4 of the Spider Nest
 29285 | Spider:4 | Reached skill level 10 in Shields
 30955 | Spider:4 | Reached XP level 18. HP: 96/153 MP: 1/28
 31327 | Spider:4 | Reached skill level 15 in Armour
 31356 | Spider:4 | Got a gossamer rune of Zot
 31646 | Swamp:1  | Entered Level 1 of the Swamp
 32798 | Swamp:2  | Noticed a tentacled monstrosity
 32810 | Swamp:2  | Killed a tentacled monstrosity
 33531 | Swamp:3  | Identified the +3 leather armour of Absence {Rampage rC-
                  | SInv}
 33538 | Swamp:3  | Identified Roxanne's Papyrus of the Boulder
 33538 | Swamp:3  | Noticed Roxanne
 33784 | Swamp:3  | Killed Roxanne
 34318 | Swamp:3  | Learned a level 5 spell: Lee's Rapid Deconstruction
 34319 | Swamp:4  | Entered Level 4 of the Swamp
 34696 | Swamp:4  | Reached XP level 19. HP: 161/161 MP: 29/29
 35191 | Swamp:4  | Got a decaying rune of Zot
 36385 | D:13     | Found a gate to the Vaults.
 36638 | D:13     | Found Watiud's Island Escapes.
 36804 | D:13     | Bought a ring of flight for 315 gold pieces
 37681 | D:15     | Entered Level 15 of the Dungeon
 38187 | D:15     | Found a radiant altar of Vehumet.
 38291 | D:15     | Found a staircase to the Depths.
 38559 | Vaults:1 | Entered Level 1 of the Vaults
 38746 | Vaults:1 | Reached XP level 20. HP: 164/171 MP: 19/30
 39056 | Vaults:1 | Reached skill level 10 in Earth Magic
 39235 | Vaults:1 | Noticed Zenata
 39256 | Vaults:1 | Killed Zenata
 40933 | Vaults:2 | Found a staircase to the Crypt.
 40933 | Vaults:2 | Found a basalt altar of Yredelemnul.
 40934 | Vaults:2 | Found an ancient bone altar of Kikubaaqudgha.
 41227 | Vaults:2 | You fall into a shaft and drop 1 floor!
 41418 | Vaults:3 | Noticed Donald
 41435 | Vaults:3 | Killed Donald
 41840 | Vaults:3 | Reached XP level 21. HP: 174/179 MP: 28/31
 42307 | Vaults:2 | Reached skill level 1 in Summonings
 43957 | Vaults:4 | Learned a level 3 spell: Vhi's Electric Charge
 44178 | Vaults:4 | Reached skill level 1 in Translocations
 44525 | Vaults:4 | Learned a level 2 spell: Lesser Beckoning
 44543 | Vaults:4 | Found a huge runed gate.
 44543 | Vaults:4 | Found a huge runed gate.
 44543 | Vaults:4 | Found a huge runed gate.
 44545 | Vaults:4 | Found a huge runed gate.
 44546 | Vaults:4 | Found a huge runed gate.
 44547 | Vaults:4 | Found a huge runed gate.
 44547 | Vaults:4 | Found a huge runed gate.
 44548 | Vaults:4 | Found a huge runed gate.
 44548 | Vaults:4 | Found a huge runed gate.
 44548 | Vaults:4 | Found a huge runed gate.
 44551 | Vaults:4 | Found a huge runed gate.
 44551 | Vaults:4 | Found a huge runed gate.
 44551 | Vaults:4 | Found a huge runed gate.
 44551 | Vaults:4 | Found a huge runed gate.
 44551 | Vaults:4 | Found a huge runed gate.
 44551 | Vaults:4 | Found a huge runed gate.
 44552 | Vaults:4 | Found a huge runed gate.
 44553 | Vaults:4 | Found a huge runed gate.
 44554 | Vaults:4 | Found a huge runed gate.
 44562 | Vaults:4 | Found a huge runed gate.
 44562 | Vaults:4 | Found a huge runed gate.
 44562 | Vaults:4 | Found a huge runed gate.
 44562 | Vaults:4 | Found a huge runed gate.
 44562 | Vaults:4 | Found a huge runed gate.
 44562 | Vaults:4 | Found a huge runed gate.
 44563 | Vaults:4 | Found a huge runed gate.
 44564 | Vaults:4 | Found a huge runed gate.
 44566 | Vaults:4 | Found a huge runed gate.
 44600 | Vaults:4 | Found a huge runed gate.
 44600 | Vaults:4 | Found a huge runed gate.
 44600 | Vaults:4 | Found a huge runed gate.
 44600 | Vaults:4 | Found a huge runed gate.
 44600 | Vaults:4 | Found a huge runed gate.
 44600 | Vaults:4 | Found a huge runed gate.
 44601 | Vaults:4 | Found a huge runed gate.
 44602 | Vaults:4 | Found a huge runed gate.
 44734 | Vaults:4 | Noticed Bai Suzhen
 44748 | Vaults:4 | Killed Bai Suzhen
 45000 | Vaults:4 | Reached XP level 22. HP: 139/188 MP: 30/32
 45982 | Slime:1  | Entered Level 1 of the Pits of Slime
 46192 | Slime:5  | Entered Level 5 of the Pits of Slime
 46212 | Slime:5  | Gained mutation: You passively dampen the noise of your
                  | surroundings. [a shining eye]
 46373 | Slime:5  | Gained mutation: You occasionally shout uncontrollably at
                  | your foes. [a shining eye]
 46474 | Slime:5  | Found a viscous altar of Jiyva.
 46475 | Slime:5  | Noticed the Royal Jelly
 46493 | Slime:5  | Killed the Royal Jelly
 46494 | Slime:5  | Reached skill level 5 in Translocations
 46573 | Slime:5  | Found the +7 sceptre of Torment {pain, torment}
 46580 | Slime:5  | Identified the +8 war axe of the Jester {heavy, Stlth+}
 46795 | Slime:5  | Got the Essays on Incineration
 46945 | Slime:5  | Identified the +1 great mace "Moujob" {freeze, rElec rPois
                  | rN+++ Stlth-}
 46953 | Slime:5  | Identified the +7 mace of the Fulmar {flame, Will+ Str+4
                  | Int+3}
 46988 | Slime:5  | Got a slimy rune of Zot
 47657 | Crypt:1  | Entered Level 1 of the Crypt
 48641 | Crypt:1  | Noticed a royal mummy
 48657 | Crypt:1  | Killed a royal mummy
 49111 | Crypt:1  | Noticed a royal mummy
 49112 | Crypt:1  | Noticed Khufu
 49117 | Crypt:1  | Killed a royal mummy
 49120 | Crypt:1  | Killed Khufu
 49410 | Crypt:1  | Identified the ring "Wotife" {Ice rPois Int+4 Stlth-}
 49423 | Crypt:1  | Noticed a royal mummy
 49429 | Crypt:1  | Killed a royal mummy
 49968 | Crypt:2  | Reached XP level 23. HP: 193/196 MP: 33/33
 50236 | Crypt:2  | Noticed Grunn
 50248 | Crypt:2  | Killed Grunn
 51067 | Crypt:3  | Entered Level 3 of the Crypt
 51293 | Crypt:3  | Found a staircase to the Tomb.
 51535 | Crypt:3  | Noticed an ancient lich
 51544 | Crypt:3  | Killed an ancient lich
 52290 | Crypt:3  | Noticed Jory
 52318 | Crypt:3  | Killed Jory
 53600 | Depths:1 | Entered Level 1 of the Depths
 53723 | Depths:1 | Reached XP level 24. HP: 202/205 MP: 34/34
 53923 | Depths:1 | Found a runed translucent door.
 53993 | Depths:1 | Noticed Louise
 54003 | Depths:1 | Killed Louise
 54137 | Depths:1 | Found a one-way gate to the infinite horrors of the Abyss.
 54314 | Depths:1 | Found a one-way gate leading to the halls of Pandemonium.
 54398 | Depths:1 | Found a gateway to Hell.
 54700 | Depths:1 | Found a stormy altar of Qazlal.
 54834 | Depths:1 | Reached skill level 15 in Shields
 54884 | Depths:1 | Got the Elucidation of Dislocation and Therianthropy
 54890 | Depths:1 | Learned a level 4 spell: Manifold Assault
 54898 | Depths:1 | Learned a level 6 spell: Eringya's Noxious Bog
 55106 | Depths:2 | Found a transporter.
 55111 | Depths:2 | Found a transporter.
 55137 | Depths:2 | Reached skill level 5 in Dodging
 55326 | Depths:2 | Identified the +1 pair of gloves of Aruacler {Int+3}
 56052 | Depths:2 | Reached XP level 25. HP: 135/214 MP: 23/35
 56253 | Depths:3 | Noticed Boris
 56257 | Depths:3 | Killed Boris
 56490 | Depths:3 | Found the amulet of the Four Winds {rN+ Will+++ Clar}
 56514 | Depths:3 | Found a runed translucent door.
 56532 | Depths:3 | Found the +18 shield of the Gong {Loud rN+ Will+ rCorr
                  | EV-5}
 56550 | Depths:3 | Reached skill level 5 in Transmutations
 56553 | Depths:3 | Identified the +8 rapier of Sin {pain, Fly rF- Str+8 Int+2}
 56554 | Depths:3 | Identified the +6 glaive of Drought {venom, Int+2 Dex+3}
 56555 | Depths:3 | Identified the amulet "Unirenum" {Spirit Int+3 Stlth+}
 56561 | Depths:3 | Got the Omnibus of Ice and the Fair Folk
 56563 | Depths:3 | Identified the ring "Worinlik" {rElec rC+ Int+6 Dex-3}
 56602 | Depths:3 | Identified the +4 glaive "Xangucsa" {holy, Dex+3}
 56956 | Depths:3 | Found a corrupted altar of Lugonu.
 57202 | Depths:3 | Learned a level 1 spell: Apportation
 57421 | Depths:3 | Identified the +5 glaive of Discord {heavy, Fragile +Blink
                  | rN++ Dex+3}
 57484 | Depths:4 | Entered Level 4 of the Depths
 57683 | Depths:4 | Found Qelen Yrucwi's Book Emporium.
 57685 | Depths:4 | Found Nekhen's Jewellery Shop.
 57686 | Depths:4 | Found Raagupol's Book Emporium.
 57845 | Depths:4 | Found a one-way gateway to a ziggurat.
 58801 | Depths:4 | Noticed Mennas
 58810 | Depths:4 | Killed Mennas
 58811 | Depths:4 | Noticed a juggernaut
 58819 | Depths:4 | Killed a juggernaut
 58851 | Depths:4 | Reached XP level 26. HP: 116/224 MP: 29/35
 59545 | Depths:4 | Found a gate to the Realm of Zot.
 60204 | Elf:1    | Entered Level 1 of the Elven Halls
 60305 | Elf:1    | Reached skill level 10 in Translocations
 60572 | Elf:1    | Found Ciyn's Antique Armour Boutique.
 60771 | Elf:1    | Got the Collected Works on the Cemetery
 61132 | Elf:2    | Found a huge runed translucent gate.
 61132 | Elf:2    | Found a huge runed translucent gate.
 61132 | Elf:2    | Found a huge runed translucent gate.
 61132 | Elf:2    | Found a huge runed translucent gate.
 61132 | Elf:2    | Found a huge runed translucent gate.
 62484 | Elf:3    | Entered Level 3 of the Elven Halls
 62485 | Elf:3    | Found Monoh's Antique Weapon Shop.
 63286 | Elf:3    | Reached XP level 27. HP: 219/231 MP: 27/35
 64177 | Elf:3    | Identified the +1 chain mail of a treasure trove {Harm
                  | rPois rC+ Int-3}
 64262 | Elf:3    | Identified the +12 spear "Veenec" {venom, rElec rF++ Str-3
                  | SInv}
 64269 | Elf:3    | Identified the +3 battleaxe of the Disbelieving Hero
                  | {drain, rElec Int-2 Dex+3}
 64293 | Elf:3    | Found the +3 robe of Clouds {*Thunder rCloud rElec}
 64295 | Elf:3    | Identified the +1 cloak "Ulinaam" {Str+3}
 64829 | Zot:1    | Entered Level 1 of the Realm of Zot
 64865 | Zot:1    | Reached skill level 10 in Transmutations
 65320 | Zot:1    | Found the +4 dragonskin cloak
 65320 | Zot:1    | Noticed Tiamat
 65338 | Zot:1    | Killed Tiamat
 66228 | Zot:2    | Noticed a Killer Klown
 66232 | Zot:2    | Killed a Killer Klown
 66756 | Zot:2    | Reached skill level 10 in Dodging
 66818 | Zot:2    | Noticed an orb of fire
 66820 | Zot:2    | Lost mutation: You passively dampen the noise of your
                  | surroundings. [an orb of fire]
 66821 | Zot:2    | Gained mutation: You are frail. (-10% HP) [an orb of fire]
 66826 | Zot:2    | Gained mutation: Your magical capacity is low. (-10% MP)
                  | [an orb of fire]
 66831 | Zot:2    | Killed an orb of fire
 67160 | Zot:3    | Noticed a Killer Klown
 67172 | Zot:3    | Killed a Killer Klown
 67324 | Zot:3    | Noticed a Killer Klown
 67361 | Zot:3    | Killed a Killer Klown
 67725 | Zot:3    | Found a transporter.
 67738 | Zot:3    | Noticed Sorch's ghost (legendary GrMo)
 67740 | Zot:3    | Found a transporter.
 67877 | Zot:3    | Acquired the +7 tower shield "Fedad" {rC+}
 68146 | Zot:3    | Learned a level 5 spell: Yara's Violent Unravelling
 68239 | Zot:3    | Killed Sorch's ghost
 68245 | Zot:3    | Identified the +8 great sword of Superiority {speed, Str+6}
 68246 | Zot:3    | Identified the ring "Wibropp" {Fire Str+2 SInv}
 68544 | Zot:4    | Noticed an orb of fire
 68556 | Zot:4    | Gained mutation: Your body sometimes deteriorates upon
                  | taking damage. [an orb of fire]
 68557 | Zot:4    | Killed an orb of fire
 68560 | Zot:4    | Noticed a shard shrike
 68571 | Zot:4    | Killed a shard shrike
 68650 | Zot:4    | Identified the ring "Zuqask" {Ice rElec}
 68650 | Zot:4    | Noticed Josephina
 68672 | Zot:4    | Killed Josephina
 69673 | Zot:5    | Entered Level 5 of the Realm of Zot
 70195 | Zot:5    | Reached skill level 1 in Hexes
 70410 | Zot:5    | Noticed an ancient lich
 70419 | Zot:5    | Noticed an orb of fire
 70422 | Zot:5    | Killed an ancient lich
 70426 | Zot:5    | Noticed an orb of fire
 70428 | Zot:5    | Gained mutation: Your body often deteriorates upon taking
                  | damage. [an orb of fire]
 70434 | Zot:5    | Noticed an orb of fire
 70434 | Zot:5    | Noticed an orb of fire
 70444 | Zot:5    | Killed an orb of fire
 70448 | Zot:5    | Gained mutation: Your spells are a little easier to cast,
                  | but a little less powerful. [an orb of fire]
 70449 | Zot:5    | Killed an orb of fire
 70450 | Zot:5    | Killed an orb of fire
 70457 | Zot:5    | Gained mutation: You occasionally lose the ability to drink
                  | potions when taking damage. [an orb of fire]
 70465 | Zot:5    | Killed an orb of fire
 70476 | Zot:5    | Lost mutation: You occasionally lose the ability to drink
                  | potions when taking damage. [potion of mutation]
 70476 | Zot:5    | Lost mutation: You are frail. (-10% HP) [potion of
                  | mutation]
 70476 | Zot:5    | Lost mutation: You occasionally shout uncontrollably at
                  | your foes. [potion of mutation]
 70476 | Zot:5    | Gained mutation: You occasionally lose the ability to read
                  | scrolls when taking damage. [potion of mutation]
 70476 | Zot:5    | Gained mutation: You are agile. (Dex +4, Str/Int -1)
                  | [potion of mutation]
 70477 | Zot:5    | Lost mutation: Your body often deteriorates upon taking
                  | damage. [potion of mutation]
 70477 | Zot:5    | Lost mutation: You occasionally lose the ability to read
                  | scrolls when taking damage. [potion of mutation]
 70477 | Zot:5    | Lost mutation: Your body sometimes deteriorates upon taking
                  | damage. [potion of mutation]
 70477 | Zot:5    | Gained mutation: Your movements are slightly less
                  | encumbered by armour. (ER -2) [potion of mutation]
 70477 | Zot:5    | Gained mutation: Your flesh is cold resistant. (rC+)
                  | [potion of mutation]
 70477 | Zot:5    | Gained mutation: You possess an exceptional clarity of
                  | mind. [potion of mutation]
 70814 | Zot:5    | Noticed a Killer Klown
 70820 | Zot:5    | Killed a Killer Klown
 70904 | Zot:5    | Noticed an orb of fire
 70905 | Zot:5    | Noticed a Killer Klown
 70905 | Zot:5    | Gained mutation: Your magical capacity is very low. (-20%
                  | MP) [an orb of fire]
 70907 | Zot:5    | Noticed an orb of fire
 70911 | Zot:5    | Noticed an orb of fire
 70913 | Zot:5    | Gained mutation: You do not regenerate when monsters are
                  | visible. [an orb of fire]
 70915 | Zot:5    | Killed an orb of fire
 70923 | Zot:5    | Killed an orb of fire
 70924 | Zot:5    | Reached skill level 5 in Hexes
 70925 | Zot:5    | Killed a Killer Klown
 70926 | Zot:5    | Gained mutation: Potions are less effective at restoring
                  | your health. [an orb of fire]
 70927 | Zot:5    | Noticed an ancient lich
 70927 | Zot:5    | Noticed a dread lich
 70933 | Zot:5    | Killed an orb of fire
 70943 | Zot:5    | Killed an ancient lich
 70946 | Zot:5    | Killed a dread lich
 71762 | Vaults:4 | Lost mutation: Your magical capacity is very low. (-20% MP)
                  | [potion of mutation]
 71762 | Vaults:4 | Lost mutation: Your magical capacity is low. (-10% MP)
                  | [potion of mutation]
 71762 | Vaults:4 | Gained mutation: You have sharp toenails. [potion of
                  | mutation]
 71763 | Vaults:4 | Lost mutation: You have sharp toenails. [potion of
                  | mutation]
 71763 | Vaults:4 | Lost mutation: Potions are less effective at restoring your
                  | health. [potion of mutation]
 71763 | Vaults:4 | Gained mutation: You are vulnerable to heat. (rF-) [potion
                  | of mutation]
 71763 | Vaults:4 | Gained mutation: You have hidden genetic defects. [potion
                  | of mutation]
 71763 | Vaults:4 | Gained mutation: Your muscles are strong. (Str +4, Int/Dex
                  | -1) [potion of mutation]
 71764 | Vaults:4 | Lost mutation: Your muscles are strong. (Str +4, Int/Dex
                  | -1) [potion of mutation]
 71764 | Vaults:4 | Lost mutation: Your movements are slightly less encumbered
                  | by armour. (ER -2) [potion of mutation]
 71764 | Vaults:4 | Lost mutation: You have hidden genetic defects. [potion of
                  | mutation]
 71765 | Vaults:4 | Lost mutation: You possess an exceptional clarity of mind.
                  | [potion of mutation]
 71765 | Vaults:4 | Lost mutation: You do not regenerate when monsters are
                  | visible. [potion of mutation]
 71765 | Vaults:4 | Lost mutation: Your flesh is cold resistant. (rC+) [potion
                  | of mutation]
 71765 | Vaults:4 | Gained mutation: You occasionally lose the ability to read
                  | scrolls when taking damage. [potion of mutation]
 71765 | Vaults:4 | Gained mutation: You are partially covered in iridescent
                  | scales. (AC +2) [potion of mutation]
 71765 | Vaults:4 | Gained mutation: You are resistant to electric shocks.
                  | (rElec) [potion of mutation]
 71765 | Vaults:4 | Gained mutation: You are covered in fur. (AC +1) [potion of
                  | mutation]
 71766 | Vaults:4 | Lost mutation: You are covered in fur. (AC +1) [potion of
                  | mutation]
 71766 | Vaults:4 | Lost mutation: Your spells are a little easier to cast, but
                  | a little less powerful. [potion of mutation]
 71766 | Vaults:4 | Lost mutation: You are resistant to electric shocks.
                  | (rElec) [potion of mutation]
 71766 | Vaults:4 | Gained mutation: You are vulnerable to cold. (rC-) [potion
                  | of mutation]
 71766 | Vaults:4 | Gained mutation: Armour fits poorly on your strangely
                  | shaped body. [potion of mutation]
 71766 | Vaults:4 | Gained mutation: Your mind is acute. (Int +4, Str/Dex -1)
                  | [potion of mutation]
 71767 | Vaults:4 | Lost mutation: Your mind is acute. (Int +4, Str/Dex -1)
                  | [potion of mutation]
 71767 | Vaults:4 | Lost mutation: You are partially covered in iridescent
                  | scales. (AC +2) [potion of mutation]
 71767 | Vaults:4 | Gained mutation: You are dopey. (Int -2) [potion of
                  | mutation]
 71767 | Vaults:4 | Gained mutation: You have sharp toenails. [potion of
                  | mutation]
 71768 | Vaults:4 | Lost mutation: Armour fits poorly on your strangely shaped
                  | body. [potion of mutation]
 71768 | Vaults:4 | Lost mutation: You are vulnerable to heat. (rF-) [potion of
                  | mutation]
 71768 | Vaults:4 | Lost mutation: You are vulnerable to cold. (rC-) [potion of
                  | mutation]
 71768 | Vaults:4 | Lost mutation: You occasionally lose the ability to read
                  | scrolls when taking damage. [potion of mutation]
 71795 | Vaults:5 | Entered Level 5 of the Vaults
 71805 | Vaults:5 | Reached skill level 1 in Necromancy
 71812 | Vaults:5 | Gained mutation: You are vulnerable to heat. (rF-) [a
                  | cacodemon]
 71857 | Vaults:5 | Noticed a dread lich
 71884 | Vaults:5 | Killed a dread lich
 72078 | Vaults:5 | Reached skill level 10 in Spellcasting
 72140 | Vaults:5 | Learned a level 5 spell: Borgnjor's Vile Clutch
 72251 | Vaults:5 | Got a silver rune of Zot
 72372 | Vaults:5 | Identified the +4 sling of Egomania {freeze, rCorr Str+4
                  | Dex+4}
 72402 | Vaults:5 | Identified the +3 halberd of Resourcefulness {freeze,
                  | Dex+2}
 73157 | Depths:1 | Learned a level 2 spell: Wereblood
 73158 | Depths:1 | Voluntarily entered the Abyss.
 73159 | Abyss:1  | Found a corrupted altar of Lugonu.
 73176 | Abyss:2  | Found a corrupted altar of Lugonu.
 73177 | Abyss:2  | Found a corrupted altar of Lugonu.
 73196 | Abyss:2  | Found a corrupted altar of Lugonu.
 73201 | Abyss:2  | Found a corrupted altar of Lugonu.
 73737 | Abyss:2  | Reached skill level 5 in Necromancy
 73891 | Abyss:3  | Found a corrupted altar of Lugonu.
 73973 | Abyss:3  | Got an abyssal rune of Zot
 74155 | Depths:1 | Escaped the Abyss
 74211 | Hell     | Entered the Vestibule of Hell
 74211 | Hell     | Noticed Geryon
 74220 | Hell     | Killed Geryon
 74465 | Hell     | Reached skill level 27 in Armour
 74487 | Hell     | Found a gateway to the ashen valley of Gehenna.
 74571 | Hell     | Lost mutation: You are dopey. (Int -2) [potion of mutation]
 74571 | Hell     | Lost mutation: You are agile. (Dex +4, Str/Int -1) [potion
                  | of mutation]
 74571 | Hell     | Gained mutation: You are robust. (+10% HP) [potion of
                  | mutation]
 74572 | Hell     | Lost mutation: You are vulnerable to heat. (rF-) [potion of
                  | mutation]
 74572 | Hell     | Lost mutation: You have sharp toenails. [potion of
                  | mutation]
 74572 | Hell     | Gained mutation: Your magical capacity is low. (-10% MP)
                  | [potion of mutation]
 74572 | Hell     | Gained mutation: You have large cloven feet. [potion of
                  | mutation]
 74572 | Hell     | Gained mutation: You are partially covered in iridescent
                  | scales. (AC +2) [potion of mutation]
 74572 | Hell     | Gained mutation: Your mind is acute. (Int +4, Str/Dex -1)
                  | [potion of mutation]
 74602 | Geh:1    | Entered Level 1 of Gehenna
 75807 | Geh:4    | You fall into a shaft and drop 2 floors!
 76198 | Geh:7    | Entered Level 7 of Gehenna
 76326 | Geh:7    | Reached skill level 10 in Necromancy
 76957 | Geh:7    | Identified the +1 plate armour "Xateo" {+Blink rC+ Str-5}
 76965 | Geh:7    | Learned a level 3 spell: Ignite Poison
 76969 | Geh:7    | Identified the +6 falchion of Balance {heavy, rElec rF+}
 77012 | Geh:7    | Found the +7 sceptre of Asmodeus
 77012 | Geh:7    | Noticed Asmodeus
 77033 | Geh:7    | Killed Asmodeus
 77360 | Geh:7    | Got an obsidian rune of Zot
 77651 | Hell     | Found a gateway to the decaying netherworld of Tartarus.
 77662 | Tar:1    | Entered Level 1 of Tartarus
 78052 | Tar:2    | Noticed a dread lich
 78067 | Tar:2    | Killed a dread lich
 78106 | Tar:3    | Reached skill level 15 in Dodging
 79513 | Tar:7    | Entered Level 7 of Tartarus
 79765 | Tar:7    | Noticed an ancient lich
 79780 | Tar:7    | Killed an ancient lich
 80263 | Tar:7    | Noticed a dread lich
 80263 | Tar:7    | Noticed a dread lich
 80269 | Tar:7    | Killed a dread lich
 80270 | Tar:7    | Killed a dread lich
 80470 | Tar:7    | Reached skill level 15 in Necromancy
 80474 | Tar:7    | Identified the +1 pair of gloves of Baduukeo {Harm Rampage
                  | Slay+5}
 81283 | Tar:7    | Identified the ring of Grace {Will+ Str+6 Int+2}
 81288 | Tar:7    | Identified the +3 scale mail of Hiacri Nual {-Tele rPois
                  | rF+ rN++}
 81523 | Tar:7    | Noticed an ancient lich
 81528 | Tar:7    | Killed an ancient lich
 81610 | Tar:7    | Noticed Ereshkigal
 81634 | Tar:7    | Killed Ereshkigal
 82111 | Tar:7    | Got a bone rune of Zot
 82753 | Tar:7    | Got the Exposition on Conjury
 82810 | Tar:7    | Found the +15 Maxwell's patent armour {-Cast -Tele rElec
                  | Will+ rCorr}
 82992 | Hell     | Found a gateway to the Iron City of Dis.
 83076 | Dis:1    | Entered Level 1 of the Iron City of Dis
 83597 | Dis:3    | Noticed an ancient lich
 83607 | Dis:3    | Killed an ancient lich
 83619 | Dis:3    | Reached skill level 15 in Spellcasting
 83638 | Dis:3    | Reached skill level 27 in Fighting
 83669 | Dis:3    | Noticed a dread lich
 83687 | Dis:3    | Killed a dread lich
 83725 | Dis:3    | Noticed a dread lich
 83730 | Dis:3    | Killed a dread lich
 83846 | Dis:3    | Noticed an ancient lich
 83848 | Dis:3    | Killed an ancient lich
 83916 | Dis:3    | Noticed an ancient lich
 83920 | Dis:3    | Killed an ancient lich
 84024 | Dis:3    | Noticed a dread lich
 84034 | Dis:3    | Killed a dread lich
 84073 | Dis:3    | Noticed an ancient lich
 84077 | Dis:3    | Killed an ancient lich
 84091 | Dis:3    | Noticed an ancient lich
 84108 | Dis:3    | Killed an ancient lich
 84501 | Dis:5    | You fall into a shaft and drop 1 floor!
 84505 | Dis:6    | You fall into a shaft and drop 1 floor!
 84505 | Dis:7    | Entered Level 7 of the Iron City of Dis
 85085 | Dis:7    | Got the Compilation of Ethics
 85100 | Dis:7    | Identified the amulet "Pioz" {rElec Regen+ Stlth+}
 85286 | Dis:7    | Lost mutation: You are partially covered in iridescent
                  | scales. (AC +2) [mutagenic glow]
 85296 | Dis:7    | Gained mutation: You occasionally lose the ability to drink
                  | potions when taking damage. [mutagenic glow]
 85843 | Dis:7    | Learned a level 8 spell: Borgnjor's Revivification
 86012 | Dis:7    | Identified the ring of Nobility {rCorr Int+9 Dex-4 Slay+5}
 86018 | Dis:7    | Identified the +0 robe "Gyagruul" {rF+ Will+}
 86117 | Dis:7    | Noticed Dispater
 86139 | Dis:7    | Killed Dispater
 86143 | Dis:7    | Gained mutation: Your magical capacity is very low. (-20%
                  | MP) [a cacodemon]
 86145 | Dis:7    | Gained mutation: Armour fits poorly on your strangely
                  | shaped body. [a cacodemon]
 86147 | Dis:7    | Lost mutation: You are robust. (+10% HP) [a cacodemon]
 86288 | Dis:7    | Identified the +6 plate armour of Mental Paralysis {Rampage
                  | rPois rF- Will-}
 86338 | Dis:7    | Got an iron rune of Zot
 86584 | Hell     | Found a gateway to the freezing wastes of Cocytus.
 86695 | Coc:1    | Entered Level 1 of Cocytus
 86976 | Coc:2    | Noticed a shard shrike
 86976 | Coc:2    | Noticed a shard shrike
 86977 | Coc:2    | Killed a shard shrike
 86979 | Coc:2    | Killed a shard shrike
 87164 | Coc:3    | Noticed a shard shrike
 87165 | Coc:3    | Noticed a shard shrike
 87166 | Coc:3    | Killed a shard shrike
 87170 | Coc:3    | Killed a shard shrike
 87712 | Coc:4    | Noticed a shard shrike
 87713 | Coc:4    | Noticed a shard shrike
 87719 | Coc:4    | Killed a shard shrike
 87726 | Coc:4    | Noticed a shard shrike
 87726 | Coc:4    | Noticed a shard shrike
 87730 | Coc:4    | Killed a shard shrike
 87730 | Coc:4    | Killed a shard shrike
 87731 | Coc:4    | Killed a shard shrike
 87906 | Coc:5    | Noticed a shard shrike
 87906 | Coc:5    | Noticed a shard shrike
 87906 | Coc:5    | Noticed a shard shrike
 87906 | Coc:5    | Noticed a shard shrike
 87907 | Coc:5    | Killed a shard shrike
 87908 | Coc:5    | Killed a shard shrike
 87908 | Coc:5    | Killed a shard shrike
 87908 | Coc:5    | Killed a shard shrike
 87933 | Coc:5    | Noticed a shard shrike
 87934 | Coc:5    | Killed a shard shrike
 87934 | Coc:5    | Noticed a shard shrike
 88377 | Coc:5    | Killed a shard shrike
 89081 | Coc:4    | You are sucked into a shaft and drop 1 floor!
 89192 | Coc:6    | HP: 4/158 [elemental wellspring/torrent of water (29)]
 89192 | Coc:6    | Killed from afar by an elemental wellspring

Illustrated notes

Levels and vault maps discovered:
D:1:      minmay_arrival_three_doors, layout_loops_ring
D:2:      layout_basic, dilly_ecumenical_altar_fadedgnrine,
          minmay_misc_feat_secret_circle
D:3:      layout_basic, old_standard_altar, st_stairs_1, uniq_grinder,
          uniq_ijyb, uniq_crazy_yiuf_cottage
D:4:      layout_loops_corners, mainiacjoe_overflow_alcove_1,
          kennysheep_generic_room_7, uniq_duvessa
D:5:      layout_cave_pods, minmay_temple_entry_hall
D:6:      layout_cave_pools, tso_metal_star
D:7:      layout_loops_corners
D:8:      minmay_clustersquares, layout_basic, nicolae_gozag_seed_capital,
          grunt_temple_overflow_open, nicolae_overflow_two_pavilions,
          enter_bailey_6, hangedman_decor_growths, minivault_1,
          minmay_misc_feat_rows, uniq_erica
D:9:      layout_basic, nicolae_uskayaw_murder_on_the_dancefloor,
          lair_entry_dummy, st_stairs_4
D:10:     layout_rooms, minmay_large_rounded_square, hangedman_decor_push
D:11:     layout_roguey, portal_ice_cave_entry_pillars_2
D:12:     layout_stronghold, david_orc_2, minmay_fractal_squares_5, uniq_psyche
D:13:     layout_big_octagon, david_vaults_1, nicolae_island_escapes
D:14:     layout_basic, infiniplex_staircase_x
D:15:     gammafunk_depths_entry_grave, layout_basic, serial_curves,
          eino_curves_03, eino_curves_01, vehumet_crystals
Temple:   nicolae_temple_slightly_damp_pantheon
Lair:1:   layout_gridlike
Lair:2:   layout_layer_cave, palyth_hydra_swamp_entry, gauntlet_entry_generic,
          serial_bayou, serial_bayou_shore_b, serial_bayou_pond_a,
          serial_bayou_lagoon_a, serial_bayou_pond_c, serial_bayou_pond_b,
          infiniplex_staircase_pool_2, grunt_megastairs_5
Lair:3:   layout_roguey, spider_nest_entry_rubble, evilmike_ambush
          [evilmike_ambush_outer_corners, evilmike_ambush_inner_basic],
          grunt_megastairs_2, serial_bayou_shore_a, serial_bayou_shore_b
Lair:4:   layout_gridlike, special_room [special_room_bee]
Lair:5:   cheibrodos_lair_end_hotspot, layout_long_grid, slime_entry_1,
          tgw_fedhas, uniq_urug
Swamp:1:  layout_basic_swamp, evilmike_swamp_ruin_wall, swamp_pool3,
          nicolae_swamp_no_escape
Swamp:2:  layout_basic_swamp, nicolae_swamp_round_clearing,
          infiniplex_staircase_pool
Swamp:3:  layout_falls_marsh, serial_swamp_ruin, evilmike_swamp_ruin_house_3,
          evilmike_swamp_ruin_house_4, hangedman_swamp_ruin_wall, uniq_roxanne
Swamp:4:  swamp_icy, layout_basic_swamp
Spider:1: layout_spider_delve, uniq_frances, uniq_aizul
Spider:2: layout_chambers, hangedman_spider_tarantella_strand,
          nicolae_spider_cling_halls
Spider:3: layout_cave_pods, nicolae_spider_circle_web
Spider:4: floodkiller_spider_rune_tomb, nicolae_spider_jagged_tunnels
Slime:1:  layout_caves, special_room [special_room_jelly]
Slime:2:  layout_caves
Slime:3:  layout_caves, nicolae_slime_barrier
Slime:4:  layout_caves
Slime:5
Orc:1:    nicolae_orc_accident_2, layout_caves
Orc:2:    st_orc_rangers, layout_diamond_mine
Elf:1:    elf_arrival_001, layout_gridlike, serial_shops, nicolae_shop_trees,
          minmay_elf_necromancy
Elf:2:    elven_hall_of_blades_hangedman_alternative
          [mumra_blade_entry_bloodbath], layout_gridlike
Elf:3:    minmay_elf_hall_hex, layout_geoelf_castle, serial_shops, shop_statue,
          lemuel_flamethrower_1
Vaults:1: portal_desolation_entry_ruin, vaults_room_pool,
          hangedman_vaults_slice, v_pattern_1, vaults_room_door_ring,
          grunt_vaults_bifocal, v_misc_13, vaults_room_fancy_cross,
          nicolae_vaults_little_squares_6, hangedman_vaults_nails, v_misc_30,
          vaults_dpeg_emergency_exit, ontoclasm_vaults_eye,
          layout_vaults_omnigrid, uniq_zenata
Vaults:2: ontoclasm_vaults_misaligned, hangedman_vaults_snaps, st_lines,
          minmay_crypt_entry_necro_gods, v_misc_28, v_pattern_4,
          vaults_dpeg_encased_lava, grunt_vaults_twisty,
          nicolae_vaults_three_branches, hangedman_vaults_stagger,
          ontoclasm_vaults_ring_square, ontoclasm_vaults_decontamination,
          vaults_room_door_ring, layout_vaults_ring
Vaults:3: dpeg_vaults_monster_box, nicolae_vaults_big_ls, vaults_mumra_hexcomb,
          v_misc_30, grunt_vaults_funnel, nicolae_vaults_network_square,
          v_alt_pattern_4, nicolae_vaults_little_squares_4,
          nicolae_vaults_diagonal_hallway_9, ontoclasm_vaults_pinch,
          ontoclasm_vaults_hangar, layout_vaults_maze, uniq_donald
Vaults:4: vaults_mumra_chevron_long, ontoclasm_vaults_ring_square, v_misc_33,
          v_misc_31, nicolae_vaults_alarming, hangedman_vaults_cutoff,
          nicolae_vaults_asterisk, grunt_vaults_swirl, vaults_room_semicircle,
          not_door_vault_mu, nicolae_vaults_little_squares_4, serial_ice_b,
          layout_vaults_omnicross, uniq_bai_suzhen
Vaults:5: serial_shops
Crypt:1:  ragdoll_tomb_raider, layout_basic
Crypt:2:  layout_gridlike, chequers_big_river, uniq_grunn
Crypt:3:  due_elkab, layout_chaotic_city, minivault_24, grunt_ministairs_6
Depths:1: layout_cave_pools, grunt_hell_horde, rand_demon_pan_entry_7,
          nicolae_abyss_entry_one_way_or_another, lemuel_coloured_pillars_altar,
          grunt_ministairs_3, minmay_acid_items
Depths:2: gammafunk_sealed_arena, layout_gridlike, nicolae_water_bricks,
          hell_entry, rand_demon_pan_entry_3, minmay_holes
Depths:3: minmay_the_grid_triangle_9x9_line_8_mashed
          [minmay_the_grid_triangle_9x9_cache,
          minmay_the_grid_triangle_9x9_dagger,
          minmay_the_grid_triangle_9x9_skeleton,
          minmay_the_grid_triangle_9x9_swiss_cheese,
          minmay_the_grid_triangle_9x9_minimal,
          minmay_the_grid_triangle_9x9_zippers_horizontal,
          minmay_the_grid_triangle_9x9_subtriangle,
          minmay_the_grid_triangle_9x9_prize_insulated], layout_gridlike,
          serial_sigils_hangedman_gut, hell_entry, abyss_entry_flame_altar,
          uniq_boris
Depths:4: lemuel_castle_with_subvaults [lemuel_castle_interior_carwin_1],
          layout_gridville, enter_ziggurat_e, abyss_entry,
          pf_hell_entry_tar_river, infiniplex_staircase_pool_lava,
          minmay_shop_grove, uniq_mennas
Hell
Dis:1:    layout_jigsaw, nicolae_hells_hurtin_island
Dis:2:    layout_gridville
Dis:3:    layout_overlapping_boxes, nicolae_hells_leichenhalle
Dis:4:    layout_subdivisions
Dis:5:    nicolae_dis_pentagon_2, layout_regular_city
Dis:6:    layout_regular_city
Dis:7:    iron_city_of_dis [dis_grunt, dis_wall_8], layout_gridville,
          nicolae_dis_metal_dragon_surprise
Geh:1:    layout_gehenna_pools_triple, lemuel_flamethrower_3
Geh:2:    layout_gehenna_pools_basic
Geh:3:    layout_gehenna_pools_triple
Geh:4:    layout_gehenna_pools_box
Geh:6:    layout_gehenna_pools_box, nicolae_geh_single_fiery_grave
Geh:7:    geh_old
Coc:1:    layout_cocytus_delve
Coc:2:    layout_cocytus_water_paths
Coc:3:    layout_ice_bergs
Coc:4:    layout_ice_bergs
Coc:5:    layout_cocytus_delve
Coc:6:    layout_cocytus_water_paths
Tar:1:    layout_catacombs, nicolae_tar_just_some_guys
Tar:2:    layout_grid_maze
Tar:3:    layout_cathedral_of_symmetry
Tar:4:    layout_honeycomb
Tar:5:    nicolae_tar_tart_auras, layout_cathedral_of_symmetry
Tar:6:    layout_grid_maze
Tar:7:    tar_grunt_cathedral
Zot:1:    layout_onion, grunt_megastairs_1, uniq_tiamat
Zot:2:    kennysheep_blocky_room, layout_cellular_growth, lemuel_elevator
Zot:3:    kennysheep_room_grid, layout_basic, gammafunk_ghost_arena
Zot:4:    lemuel_halls_of_wrath, layout_basic, hangedman_elemental_grid_stream,
          uniq_josephina
Zot:5:    layout_gridlike, lemuel_baited_zot_trap

Skill      XL: |  1  2  3  4  5  6  7  8  9 10 11 12 13 14 15 16 17 18 19 20 21 22 23 24 25 26 27 |
---------------+----------------------------------------------------------------------------------+-----
Fighting       | 1 3 4 5 7 8 10 12 14 15 16 17 18 19 20 21 22 27 | 27.0
Poison Magic   | 5 7 9 10 12 13 | 13.0
Spellcasting   | 3 5 6 7 8 18 | 18.0
Air Magic      | 2 3 |  3.0
Armour         | 2 4 6 7 8 11 12 13 14 15 16 17 18 19 20 21 27 | 27.0
Invocations    | 3 7 8 9 11 12 13 | 13.0
Axes           | 9 11 12 13 14 15 16 17 18 19 20 22 23 24 25 | 25.0
Earth Magic    | 2 5 6 7 9 11 12 13 | 13.0
Shields        | 4 8 11 14 16 18 19 20 | 20.0
Transmutations | 3 4 6 8 14 | 14.0
Dodging        | 2 5 7 8 18 | 18.8
Summonings     | 3 4 |  4.1
Translocations | 3 7 8 9 10 13 | 13.0
Hexes          | 5 |  5.0
Necromancy     | 21 | 21.4
Stealth        | |  2.4

Action                     |  1- 3 |  4- 6 |  7- 9 | 10-12 | 13-15 | 16-18 | 19-21 | 22-24 | 25-27 || total
---------------------------+-------+-------+-------+-------+-------+-------+-------+-------+-------++-------
  Melee: Mace              |     4 |       |       |       |       |       |       |       |       ||     4
         Unarmed           |     3 |       |       |       |       |       |       |       |       ||     3
         Short sword       |    16 |    34 |    33 |       |       |       |       |       |       ||    83
         Whip              |     3 |       |    35 |    81 |       |       |       |       |       ||   119
         Punch             |       |     1 |     3 |     4 |     8 |       |       |       |       ||    16
         Quarterstaff      |       |     2 |    38 |       |       |       |       |       |       ||    40
         War axe           |       |       |    39 |       |       |       |       |       |       ||    39
         Dire flail        |       |       |    39 |       |       |       |       |       |       ||    39
         Broad axe         |       |       |       |   141 |   121 |       |       |       |       ||   262
         Battleaxe         |       |       |       |       |    69 |       |       |       |       ||    69
         Executioner's axe |       |       |       |       |   299 |   668 |   730 |  1030 |  4534 ||  7261
         Scimitar          |       |       |       |       |    13 |    12 |    14 |       |       ||    39
  Throw: Throwing net      |       |       |       |     1 |     1 |       |       |       |     3 ||     5
         Dart              |       |       |       |     1 |     1 |       |       |       |       ||     2
   Cast: Sting             |    44 |    33 |    52 |    11 |       |     3 |       |       |       ||   143
         Poisonous Vapours |       |     3 |    23 |    20 |    28 |    90 |    33 |     6 |     8 ||   211
         Olgreb's Toxic Ra |       |     3 |    14 |    24 |    28 |    43 |    44 |    10 |    33 ||   199
         Mephitic Cloud    |       |     1 |     1 |     3 |       |       |     9 |       |       ||    14
         Passwall          |       |       |       |       |       |     1 |       |       |     5 ||     6
         Animate Armour    |       |       |       |       |       |     2 |     9 |    12 |    77 ||   100
         Lee's Rapid Decon |       |       |       |       |       |       |    10 |       |    26 ||    36
         Vhi's Electric Ch |       |       |       |       |       |       |     1 |    33 |   174 ||   208
         Lesser Beckoning  |       |       |       |       |       |       |       |    32 |    62 ||    94
         Manifold Assault  |       |       |       |       |       |       |       |       |   253 ||   253
         Eringya's Noxious |       |       |       |       |       |       |       |       |     3 ||     3
         Borgnjor's Vile C |       |       |       |       |       |       |       |       |    38 ||    38
         Wereblood         |       |       |       |       |       |       |       |       |    32 ||    32
         Yara's Violent Un |       |       |       |       |       |       |       |       |     2 ||     2
 Invoke: Bend Time         |       |       |     1 |     3 |     4 |     1 |     1 |     1 |     6 ||    17
         Slouch            |       |       |       |       |     3 |     6 |     2 |     6 |    12 ||    29
         Temporal Distorti |       |       |       |       |     1 |       |     2 |       |       ||     3
         Step From Time    |       |       |       |       |       |       |       |     1 |     4 ||     5
Ability: Dig               |       |       |       |       |     1 |       |       |     1 |     6 ||     8
         Shaft Self        |       |       |       |       |       |       |       |       |     1 ||     1
  Evoke: Wand              |       |       |     1 |       |       |     6 |     2 |       |       ||     9
         Phial of floods   |       |       |       |       |       |       |     1 |       |       ||     1
         Phantom mirror    |       |       |       |       |       |       |       |       |     1 ||     1
    Use: Potion            |       |     1 |       |     2 |     2 |     1 |     5 |     3 |    35 ||    49
         Scroll            |       |       |       |     9 |    18 |     9 |     5 |     4 |    17 ||    62
   Stab: Sleeping          |     1 |       |     1 |       |       |       |       |       |       ||     2
         Confused          |       |     1 |     1 |     1 |       |       |     6 |       |       ||     9
         Held in net/web   |       |       |       |       |     2 |       |       |       |     3 ||     5
         Invisible         |       |       |       |       |       |       |     8 |       |       ||     8
         Distracted        |       |       |       |       |       |       |     1 |       |    10 ||    11
 Armour: Robe              |     8 |    10 |    17 |       |       |       |       |       |       ||    35
         Ring mail         |       |       |    56 |    50 |       |       |       |       |       ||   106
         Chain mail        |       |       |       |    38 |       |       |       |       |       ||    38
         Crystal plate arm |       |       |       |     2 |   631 |   650 |   518 |   554 |  1830 ||  4185
  Dodge: Dodged            |    24 |    16 |   135 |   124 |   242 |   227 |   201 |   208 |  1422 ||  2599
  Block: Kite shield       |       |       |       |       |   120 |   850 |   767 |   687 |       ||  2424
         Reflection        |       |       |       |       |    17 |    65 |    84 |    10 |     1 ||   177
         Tower shield      |       |       |       |       |       |       |       |   213 |  4789 ||  5002

Table legend: (Time is in decaauts)
 A = Elapsed time spent in this place.
 B = Non-inter-level travel time spent in this place.
 C = Inter-level travel time spent in this place.
 D = Time resting spent in this place.
 E = Time spent auto-exploring this place.
 F = Levels seen in this place.
 G = Mean time per level.
                   A        B        C        D        E       F      G
               +--------+--------+--------+--------+--------+-----+--------+
         Total | 125373 | 114228 |  11145 |  21644 |  67612 |  89 | 1408.7 |
       Dungeon |  23292 |  20705 |   2587 |   2671 |  15015 |  15 | 1552.8 |
        Temple |    148 |    126 |     22 |      0 |    105 |   1 |  148.0 |
          Lair |  12027 |  10249 |   1778 |    835 |   8159 |   5 | 2405.4 |
         Swamp |   5892 |   5683 |    209 |   1389 |   3262 |   4 | 1473.0 |
   Spider Nest |   9535 |   8995 |    540 |   1939 |   5454 |   4 | 2383.8 |
    Slime Pits |   1825 |   1688 |    137 |    205 |    914 |   5 |  365.0 |
  Orcish Mines |   2314 |   1966 |    348 |    112 |   1583 |   2 | 1157.0 |
   Elven Halls |   6727 |   5830 |    897 |    217 |   4068 |   3 | 2242.3 |
        Vaults |  13549 |  11949 |   1600 |    794 |   9503 |   5 | 2709.8 |
         Crypt |   7921 |   7661 |    260 |   1759 |   4735 |   3 | 2640.3 |
        Depths |  10183 |   9056 |   1127 |    801 |   6388 |   4 | 2545.8 |
          Hell |   1547 |   1297 |    250 |    762 |    167 |   1 | 1547.0 |
           Dis |   4196 |   4090 |    106 |   1724 |    544 |   7 |  599.4 |
       Gehenna |   3715 |   3553 |    162 |   1744 |    212 |   6 |  619.2 |
       Cocytus |   2441 |   2272 |    169 |    947 |    575 |   6 |  406.8 |
      Tartarus |   6414 |   6310 |    104 |   3255 |   1280 |   7 |  916.3 |
           Zot |   9101 |   8260 |    841 |    711 |   5253 |   5 | 1820.2 |
         Abyss |   1473 |   1473 |      0 |    243 |     28 |   3 |  491.0 |
        Bailey |    894 |    894 |      0 |    486 |      0 |   1 |  894.0 |
      Ice Cave |   1562 |   1562 |      0 |    971 |     71 |   1 | 1562.0 |
      Gauntlet |    609 |    609 |      0 |     78 |    292 |   1 |  609.0 |
               +--------+--------+--------+--------+--------+-----+--------+

Top non-repeatable levels by time:
   Tar:7: 4358 daAuts
Depths:4: 3708 daAuts
Vaults:4: 3402 daAuts
  Lair:5: 3267 daAuts
   Elf:3: 3130 daAuts
 Crypt:3: 3114 daAuts
  Lair:2: 3102 daAuts
Spider:4: 3075 daAuts
Vaults:2: 3059 daAuts
 Crypt:1: 2954 daAuts
Spider:3: 2924 daAuts
Vaults:1: 2851 daAuts
    D:12: 2770 daAuts
   Dis:7: 2637 daAuts
Spider:2: 2549 daAuts
